 Dungeon Crawl Stone Soup version 0.27.1-33-g824d729ab1 (webtiles) character file.

Game seed: 8433734746130415615

1572 ANNNA the Thaumaturge (level 8, -5/42 HPs)
             Began as a Deep Elf Fire Elementalist on Nov 26, 2021.
             Slain by a wyvern (17 damage)
             ... on level 5 of the Dungeon.
             The game lasted 00:26:03 (7541 turns).

ANNNA the Thaumaturge (Deep Elf Fire Elementalist)  Turns: 7541, Time: 00:26:04

Health: -5/42      AC:  6    Str:  7    XL:     8   Next: 59%
Magic:  15/22      EV: 13    Int: 21    God:
Gold:   268        SH:  0    Dex: 15    Spells: 4/23 levels left

rFire    . . .     SeeInvis +   m - +2 dagger (speed)
rCold    + . .     Faith    .   (no shield)
rNeg     + . .     Spirit   .   o - +2 robe {rN+}
rPois    .         Reflect  .   q - +0 helmet
rElec    .         Harm     .   u - +0 cloak
rCorr    .         Rampage  .   (no gloves)
Will     .....                  (no boots)
Stlth    +++.......             (no amulet)
HPRegen  0.14/turn              g - ring of see invisible
MPRegen  0.18/turn              j - ring of protection from cold

@: no status effects
A: no striking features
a: no special abilities


You were on level 5 of the Dungeon.
You visited 1 branch of the dungeon, and saw 8 of its levels.

You collected 268 gold pieces.

Inventory:

Hand Weapons
 m - a +2 dagger of speed (weapon)
Missiles
 b - 196 stones
 w - 3 atropa-tipped darts
Armour
 o - a +2 robe of positive energy (worn)
 q - a +0 helmet (worn)
 s - a +0 leather armour
 u - a +0 cloak (worn)
Jewellery
 g - a ring of see invisible (left hand)
 j - a ring of protection from cold (right hand)
Wands
 a - a wand of flame (23)
Scrolls
 c - 3 scrolls of enchant weapon
 e - 2 scrolls of enchant armour
 f - 3 scrolls of identify
 h - a scroll of silence {unknown}
 l - 3 scrolls of teleportation
 p - a scroll of fear {unknown}
 t - 2 scrolls of vulnerability {unknown}
 v - a scroll of brand weapon {unknown}
Potions
 i - 2 potions of mutation {unknown}
 k - a potion of flight {unknown}
 n - 3 potions of haste
 r - a potion of attraction {unknown}
 x - a potion of lignification {unknown}


   Skills:
 + Level 0.9 Fighting
 + Level 1.0 Short Blades
 + Level 4.0 Dodging
 + Level 3.9 Stealth
 + Level 0.1 Unarmed Combat
 + Level 8.1 Spellcasting
 + Level 5.2 Conjurations
 + Level 1.3 Hexes
 + Level 7.7 Fire Magic
 + Level 0.5 Evocations


You had 4 spell levels left.
You knew the following spells:

 Your Spells              Type           Power      Damage    Failure   Level
a - Foxfire               Conj/Fire      100%       2x1d9     1%          1
b - Conjure Flame         Conj/Fire      35%        6-21      1%          3
c - Inner Flame           Hex/Fire       27%        N/A       3%          3
d - Sticky Flame          Conj/Fire      35%        2d5       5%          4
e - Fireball              Conj/Fire      17%        3d9       16%         5
f - Gell's Gravitas       Tloc           4%         N/A       24%         3

Your spell library contained the following spells:

 Spells                   Type           Power      Damage    Failure   Level
 Pain                     Necr           32%        1d5       8%          1
 Cause Fear               Hex            7%         N/A       41%         4
 Agony                    Necr           8%         N/A       91%         5
 Excruciating Wounds      Necr           4%         N/A       91%         5
 Summon Forest            Summ/Tloc      4%         N/A       91%         5
 Dispersal                Tloc           4%         N/A       100%        6
 Discord                  Hex            7%         N/A       100%        8
 Disjunction              Tloc           4%         N/A       100%        8


Dungeon Overview and Level Annotations

Branches:
Dungeon (8/15)
 Temple: D:4-7         Lair: D:8-11

Altars:
Elyvilon
Qazlal
Ru

Shops:
D:3 :   D:5 [

Annotations:
D:6 Grinder
D:7 3 runed translucent doors, Stajl's ghost, novice TrFi


Message History

Confirm with . or Enter, or press ? or * to list all spells.
You conjure some foxfire!
The ice beast misses you.
The foxfire hits the ice beast.
The ice beast melts!
The ice beast is lightly wounded.
The foxfire hits the ice beast but does no damage.
The ice beast is lightly wounded.
Casting: Foxfire (safe; 1% risk of failure)
Confirm with . or Enter, or press ? or * to list all spells.
You conjure some foxfire!
The foxfire hits the hound.
The hound is moderately wounded.
The ice beast misses you.
The foxfire hits the hound.
The hound is heavily wounded.
Casting: Foxfire (safe; 1% risk of failure)
Confirm with . or Enter, or press ? or * to list all spells.
You conjure some foxfire!
The hound barely misses you. The ice beast completely misses you.
The hound barely misses you.
Your foxfire dissipates!
The foxfire hits the hound.
The hound is almost dead.
The ice beast hits you. The ice beast freezes you. You resist.
Casting: Foxfire (safe; 1% risk of failure)
Confirm with . or Enter, or press ? or * to list all spells.
You conjure some foxfire!
The hound bites you but does no damage. The ice beast closely misses you.
The hound bites you.
Your foxfire dissipates!
The foxfire hits the hound!
You kill the hound!
Casting: Foxfire (safe; 1% risk of failure)
Confirm with . or Enter, or press ? or * to list all spells.
You conjure some foxfire!
The foxfire hits the wyvern but does no damage.
The ice beast hits you but does no damage.
Your foxfire dissipates!
Casting: Foxfire (safe; 1% risk of failure)
Confirm with . or Enter, or press ? or * to list all spells.
You conjure some foxfire!
The wyvern bites you!
* * * LOW HITPOINT WARNING * * *
The wyvern bites you!
You die...

###..######.#.<.# ####.##
#.# ............###.#
#####...###.# #############
#.# #.....#...... #.#
#.###...#...# #.#####.#
##.##.### #.##.†..#
#.#.#.## #.##.#.## #..###..
##v##S#..####.#.#.#.
#.v@lYz..........##.
#.####.....####.....
#.#$.##...##o?#.###.
###########.#..z##†##n.Z#.#
#.
#...).......##.hl#.#.h.##.#
#.
#.#########..##S'#.#+.##..#
#. #.#
##...###S..###...###. #.#
#.....§..8........##. #.#
#....###...###.......


You could see a wyvern (ally target), an ice beast, a wight and an adder.

Vanquished Creatures
  Sigmund (D:2)
  A human (D:7)
  2 water moccasins
  A sky beast (D:8)
  2 necrophages
  A phantom (D:6)
  A scorpion (D:5)
  A water moccasin zombie (D:5)
  A centaur zombie (D:5)
  An orc priest (D:5)
  A hound (D:5)
  2 jellies
  Jessica (D:2)
  3 iguanas
  Natasha (thrice) (D:3)
  An orc wizard (D:4)
  2 hound skeletons
  A howler monkey zombie (D:6)
  Robin (D:3)
  4 gnolls
  6 adders
  2 shadow imps
  A white imp (D:4)
  An ufetubus (D:4)
  3 adder skeletons (D:4)
  A worm (D:2)
  9 orcs
  8 ball pythons
  5 endoplasms
  3 giant cockroaches
  13 goblins
  11 hobgoblins
  2 jackals (D:2)
  8 quokkas
  6 bats
  A frilled lizard (D:2)
  5 kobolds
  7 rats
123 creatures vanquished.

Vanquished Creatures (others)
  357 foxfires
  2 fungi (D:3)
359 creatures vanquished.

Grand Total: 482 creatures vanquished

Notes
Turn   | Place    | Note
-------+----------+-------------------------------------------
     0 | D:1      | ANNNA the Deep Elf Fire Elementalist began the quest for
                  | the Orb.
     0 | D:1      | Reached XP level 1. HP: 10/10 MP: 6/6
   249 | D:1      | Reached XP level 2. HP: 15/15 MP: 6/8
   636 | D:1      | Found a faded altar of an unknown god.
  1165 | D:2      | Noticed Sigmund
  1219 | D:2      | Reached XP level 3. HP: 15/19 MP: 6/10
  1223 | D:2      | Learned a level 3 spell: Conjure Flame
  1227 | D:2      | Learned a level 3 spell: Inner Flame
  1993 | D:3      | Found Plog's Book Shop.
  2061 | D:3      | Noticed Natasha
  2084 | D:3      | Found a stormy altar of Qazlal.
  2590 | D:3      | Killed Natasha
  2591 | D:3      | Reached skill level 4 in Spellcasting
  2591 | D:3      | Reached XP level 4. HP: 24/24 MP: 3/12
  2596 | D:3      | Learned a level 4 spell: Sticky Flame
  2703 | D:3      | Noticed Robin
  2860 | D:2      | Noticed Jessica
  2870 | D:2      | Killed Jessica
  3114 | D:2      | Killed Sigmund
  3115 | D:2      | Reached skill level 5 in Spellcasting
  3115 | D:2      | Reached skill level 5 in Fire Magic
  3115 | D:2      | Reached XP level 5. HP: 28/28 MP: 3/14
  3115 | D:2      | Reached XP level 6. HP: 33/33 MP: 3/15
  3386 | D:3      | Noticed Natasha
  3399 | D:3      | Killed Natasha
  3556 | D:3      | Killed Robin
  3771 | D:3      | Noticed Natasha
  3777 | D:3      | Killed Natasha
  4608 | D:4      | Reached skill level 1 in Hexes
  5019 | D:5      | Entered Level 5 of the Dungeon
  5025 | D:5      | Noticed an orc warrior
  5046 | D:5      | Found a sacrificial altar of Ru.
  5046 | D:5      | Found Ralaochu's Armour Boutique.
  5109 | D:5      | Learned a level 5 spell: Fireball
  5123 | D:5      | Reached XP level 7. HP: 32/37 MP: 13/17
  5570 | D:5      | Reached skill level 6 in Spellcasting
  5654 | D:5      | You fall into a shaft and drop 3 floors!
  5714 | D:8      | Got the Disquisition on the Voyage
  5945 | D:7      | Found a white marble altar of Elyvilon.
  5951 | D:7      | Found a runed translucent gate.
  5952 | D:7      | Found a runed translucent gate.
  5952 | D:7      | Found a runed translucent gate.
  5960 | D:7      | Noticed Stajl's ghost (novice TrFi)
  6164 | D:6      | Reached skill level 7 in Spellcasting
  6166 | D:6      | Noticed a human
  6173 | D:6      | Noticed a human
  6179 | D:6      | Noticed Grinder
  6190 | D:7      | Killed a human
  6191 | D:7      | Reached XP level 8. HP: 10/42 MP: 11/21
  6704 | D:6      | Reached skill level 1 in Short Blades
  7357 | D:5      | Learned a level 3 spell: Gell's Gravitas
  7381 | D:5      | Reached skill level 8 in Spellcasting
  7381 | D:5      | Reached skill level 5 in Conjurations
  7541 | D:5      | Slain by a wyvern

Illustrated notes

Levels and vault maps discovered:
D:1:      dpeg_arrival_tiny_g, layout_basic, shapermc_ecumenical_altar_petra
D:2:      layout_basic, uniq_jessica, uniq_sigmund
D:3:      layout_loops_ring, mainiacjoe_overflow_tiny_flanked, serial_shops,
          shop, minmay_misc_feat_alley, uniq_robin, uniq_natasha
D:4:      minmay_general_purpose_star, layout_basic, st_stairs_6
D:5:      cheibrodos_barr_body, layout_loops_ring, lemuel_crystal_altar,
          serial_shops, nicolae_shop_temple_entry_statues_fountains
D:6:      layout_layer_cave, lemuel_tele_altar, dk_yredelemnul_ordeal,
          minmay_ruffians, uniq_grinder
D:7:      layout_basic, elyvilon_altar_5, minmay_temple_entry_glass,
          serial_undead, serial_undead_e, serial_undead_e, serial_undead_b,
          serial_undead_b, gammafunk_ghost_split
D:8:      layout_basic, kennysheep_slug_shrine, chequers_garden, hex_tiny,
          kennysheep_windowed_goal

Skill      XL: |  1  2  3  4  5  6  7  8 |
---------------+-------------------------+-----
Dodging        | 3 4 |  4.0
Fire Magic     | 4 5 6 7 |  7.7
Spellcasting   | 4 5 7 8 |  8.1
Stealth        | 3 |  3.9
Conjurations   | 2 3 5 |  5.2
Hexes          | 1 |  1.3
Short Blades   | 1 |  1.0
Fighting       | |  0.9
Unarmed Combat | |  0.1
Evocations     | |  0.5

Action                   |  1- 3 |  4- 6 |  7- 9 || total
-------------------------+-------+-------+-------++-------
Melee: Unarmed           |    10 |       |       ||    10
       Dagger            |     6 |    12 |    41 ||    59
Throw: Stone             |       |     2 |       ||     2
 Cast: Foxfire           |    58 |    92 |    82 ||   232
       Conjure Flame     |     3 |     1 |     8 ||    12
       Inner Flame       |       |     5 |     2 ||     7
Evoke: Wand              |       |       |     2 ||     2
  Use: Scroll            |       |     4 |     1 ||     5
       Potion            |       |       |     5 ||     5
 Stab: Sleeping          |     1 |     1 |       ||     2
Armor: Robe              |     7 |     5 |    30 ||    42
Dodge: Dodged            |    20 |    15 |    69 ||   104
